 Dungeon Crawl Stone Soup version 0.32-a0-5-gbffa963729 (webtiles) character file.

Game seed: 13689261188951853381

294857 Flugslaktarn the Slayer (level 19, 0/193 HPs)
             Began as a Minotaur Fighter on Jan 13, 2024.
             Was a High Priest of Okawaru.
             Slain by an iron troll (3 damage)
             ... on level 2 of the Depths.
             The game lasted 00:33:10 (41570 turns).

Flugslaktarn the Slayer (Minotaur Fighter)         Turns: 41570, Time: 00:33:11

Health: 0/193      AC: 32    Str: 30    XL:     19   Next: 61%
Magic:  36/37      EV: 14    Int:  5    God:    Okawaru [*****.]
Gold:   1748       SH: 25    Dex:  8    Spells: 18/18 levels left

rFire   + + .        a - +9 broad axe of Entrepreneurial Spirit {elec, rC+++ MP+9 Dex-3}
rCold   + + +        W - +0 tower shield
rNeg    + . .        j - +4 chain mail "Temunn" {Str+2}
rPois   +            (helmet restricted)
rElec   +            c - +2 cloak {rCorr}
rCorr   +            M - +2 pair of gloves of the Butterfly {Rampage}
SInv    .            e - +2 pair of boots
Will    ++...        N - amulet of reflection Stlth
                     y - ring "Nock" {rElec rPois rF+ rN+}
HPRegen 0.52/turn    F - ring of willpower
MPRegen 0.25/turn

%: reflection, rampage
@: heroic, studying Invocations
A: horns 2, retaliatory headbutt, talons 1, deterioration 1, fire resistance 1
}: 3/15 runes: barnacled, abyssal, gossamer
a: Renounce Religion, Heroism, Finesse, Duel


You were on level 2 of the Depths.
You worshipped Okawaru.
Okawaru was extremely pleased with you.
You visited 8 branches of the dungeon, and saw 36 of its levels.
You visited the Abyss 2 times.
You also visited: Sewer, Ice Cave and Wizlab.

You collected 2675 gold pieces.
You spent 927 gold pieces at shops.

Inventory:

Hand Weapons
 a - the +9 broad axe of Entrepreneurial Spirit (weapon) {elec, rC+++ MP+9 Dex-3}
   (Okawaru gifted it to you on level 5 of the Lair of Beasts)

   Dex-3:     It affects your dexterity (-3).
   rC+++:     It renders you almost immune to cold.
   MP+9:      It affects your magic capacity (+9).
 b - a +1 short sword of distortion
   (You took it off Sonja on level 3 of the Lair of Beasts)
Missiles
 H - 9 curare-tipped darts (quivered)
 I - 7 throwing nets
Armour
 c - a +2 cloak of preservation (worn)
   (You found it on level 1 of the Lair of Beasts)
 e - a +2 pair of boots (worn)
   (You found it on level 3 of the Dungeon)
 j - the +4 chain mail "Temunn" (worn) {Str+2}
   (You bought it in a shop on level 7 of the Dungeon)

   Str+2:     It affects your strength (+2).
 M - the +2 pair of gloves of the Butterfly (worn) {Rampage}
   (Okawaru gifted it to you on level 5 of the Lair of Beasts)

   Rampage:   It bestows one free step when moving towards enemies.
 R - a +2 buckler of protection
   (You took it off a tengu warrior on level 15 of the Dungeon)
 V - the +2 pair of gloves "Caed" {rC+}
   (You found it in a wizard's laboratory)

   rC+:       It protects you from cold.
 W - a +0 tower shield (worn)
   (You took it off a vault warden on level 2 of the Vaults)
Jewellery
 k - a ring of resist corrosion
   (You found it on level 9 of the Dungeon)
 m - a ring of willpower
   (You found it on level 8 of the Dungeon)
 v - a +5 ring of evasion
   (You bought it in a shop on level 2 of the Orcish Mines)
 y - the ring "Nock" (left hand) {rElec rPois rF+ rN+}
   (You found it on level 3 of the Dungeon)

   [ring of protection from fire]

   rF+:       It protects you from fire.
   rElec:     It insulates you from electricity.
   rPois:     It protects you from poison rN+: It protects you from negative
   energy.
 C - a ring of flight
   (You found it on level 1 of the Dungeon)
 F - a ring of willpower (right hand)
   (You found it on level 10 of the Dungeon)
 N - an amulet of reflection (around neck)
   (You found it on level 1 of the Spider Nest)
 S - an amulet of guardian spirit
   (You found it on level 2 of the Spider Nest)
Wands
 B - a wand of quicksilver (20)
   (You took it off an orc warrior on level 10 of the Dungeon)
 L - a wand of mindburst (21)
   (You found it on level 4 of the Lair of Beasts)
 O - a wand of iceblast (11)
   (You found it in an ice cave)
Scrolls
 f - a scroll of brand weapon
 i - 5 scrolls of enchant armour
 l - 4 scrolls of immolation
 o - 3 scrolls of fear
 p - 6 scrolls of enchant weapon
 r - 10 scrolls of identify
 s - 2 scrolls of revelation
 x - a scroll of silence
 z - 2 scrolls of blinking
 A - 2 scrolls of fog
 J - 6 scrolls of poison
 K - 2 scrolls of vulnerability
Potions
 d - a potion of might
 g - 6 potions of invisibility
 h - 6 potions of haste
 n - 5 potions of resistance
 q - a potion of curing
 u - 2 potions of mutation
 w - 2 potions of heal wounds
 D - 3 potions of attraction
 E - 2 potions of enlightenment
 G - 6 potions of lignification
 Q - 2 potions of magic
 U - a potion of berserk rage
Miscellaneous
 P - a phial of floods
   (You found it in an ice cave)


   Skills:
 + Level 22.5(27) Fighting
 + Level 19.0(24.0) Axes
 + Level 18.1(23.1) Armour
 - Level 13.0(18.0) Dodging
 + Level 16.3(21.3) Shields
 - Level 14.5 Invocations
 - Level 8.0 Evocations


You had 18 spell levels left.
You didn't know any spells.
Your spell library contained the following spells:

 Spells                   Type           Power      Damage    Failure   Level
 Apportation              Tloc           0%         N/A       85%         1
 Foxfire                  Conj/Fire      0%         2x1d4     85%         1
 Freeze                   Ice            0%         1d3       85%         1
 Shock                    Conj/Air       0%         1d3       85%         1
 Blink                    Tloc           0%         N/A       94%         2
 Jinxbite                 Hex            0%         N/A       94%         2
 Lesser Beckoning         Tloc           0%         N/A       94%         2
 Momentum Strike          Conj/Tloc      0%         3d8       94%         2
 Scorch                   Fire           0%         2d5       94%         2
 Frozen Ramparts          Ice            0%         1d1       99%         3
 Gell's Gravitas          Tloc           0%         N/A       99%         3
 Hailstorm                Conj/Ice       0%         3d5       99%         3
 Ozocubu's Armour         Ice            0%         N/A       99%         3
 Stone Arrow              Conj/Erth      0%         3d7       99%         3
 Swiftness                Air            0%         N/A       99%         3
 Teleport Other           Tloc           0%         N/A       99%         3
 Volatile Blastmotes      Fire/Tloc      0%         2d10      99%         3
 Airstrike                Air            0%         2d(0-16)  100%        4
 Anguish                  Hex/Necr       0%         N/A       100%        4
 Cause Fear               Hex            0%         N/A       100%        4
 Dimensional Bullseye     Hex/Tloc       0%         N/A       100%        4
 Flame Wave               Conj/Fire      0%         2d4       100%        4
 Iskenderun's Mystic Bla  Conj/Tloc      0%         2d3       100%        4
 Leda's Liquefaction      Alch/Erth      0%         N/A       100%        4
 Manifold Assault         Tloc           0%         N/A       100%        4
 Olgreb's Toxic Radiance  Alch           0%         N/A       100%        4
 Vhi's Electric Charge    Tloc/Air       0%         N/A       100%        4
 Alistair's Intoxication  Alch           0%         N/A       100%        5
 Arcjolt                  Conj/Air       0%         1d10      100%        5
 Lee's Rapid Deconstruct  Erth           0%         3d4*      100%        5
 Bombard                  Conj/Erth      0%         9d1       100%        6
 Dispersal                Tloc           0%         N/A       100%        6
 Eringya's Noxious Bog    Alch           0%         4d6       100%        6
 Plasma Beam              Fire/Air       0%         2x1d10    100%        6
 Starburst                Conj/Fire      0%         6d3       100%        6
 Enfeeble                 Hex            0%         N/A       100%        7
 Ozocubu's Refrigeration  Ice            0%         4d7       100%        7
 Discord                  Hex            0%         N/A       100%        8
 Ignition                 Fire           0%         3d3       100%        8
 Lehudib's Crystal Spear  Conj/Erth      0%         10d2      100%        8
 Maxwell's Capacitive Co  Air            0%         ∞         100%        8
 Summon Ice Beast         Ice/Summ       Unusable   N/A       N/A         3
 Tukima's Dance           Hex            Unusable   N/A       N/A         3
 Animate Armour           Summ/Erth      Unusable   N/A       N/A         4
 Summon Blazeheart Golem  Fire/Summ      Unusable   N/A       N/A         4
 Summon Forest            Summ/Tloc      Unusable   N/A       N/A         5
 Summon Cactus Giant      Summ           Unusable   N/A       N/A         6
 Summon Hydra             Summ           Unusable   N/A       N/A         7

Dungeon Overview and Level Annotations

Branches:
Dungeon (15/15)            Temple (1/1) D:7            Lair (5/5) D:8
 Shoals (4/4) Lair:3       Spider (4/4) Lair:3        Slime (0/5) Lair:4
    Orc (2/2) D:11            Elf (0/3) Orc:2        Vaults (2/5) D:13
 Depths (3/4) D:15          Sewer (visited)           IceCv (visited)
 WizLab (visited)
  Crypt: Vaults:2-3

Altars:
Ashenzari
Cheibriados
Dithmenos
Elyvilon
Fedhas
Gozag
Hepliaklqana
Kikubaaqudgha
Makhleb
Nemelex Xobeh
Okawaru
Qazlal
Ru
Sif Muna
Trog
Uskayaw
Vehumet
Wu Jian
Xom
Yredelemnul
Zin
The Shining One

Shops:
D:7 [   Orc:2 (=[*   Shoals:4 *   Vaults:2 (

Portals:
Hell: Depths:2
Abyss: Depths:1 Depths:3
Pandemonium: Depths:3
Ziggurat: Depths:3

Annotations:
D:4 1 transporter, Edmund; p0werm0de's ghost, amateur OpSh
D:5 1 runed translucent door, Crazy Yiuf
D:8 3 runed translucent doors, Domino's ghost, novice MiFi
Lair:1 1 runed translucent door, Gonzollydolly's ghost, journeyman AtEE
Depths:1 36 runed translucent doors
Depths:3 1 transporter, Margery; Mennas; Xtahua


Innate Abilities, Weirdness & Mutations

You have a pair of horns on your head.
You reflexively headbutt those who attack you in melee.
You have sharp toenails.
Your body sometimes deteriorates upon taking damage.
Your flesh is heat resistant. (rF+)


Message History

The large rock hits you!!! You block the iron troll's attack.
The iron troll claws you!
The iron troll claws you but does no damage.
You hit the iron troll.
The iron troll is lightly wounded.
The stone giant throws a large rock.
The large rock hits you!!
You slice the iron troll!! Your headbutt misses the iron troll.
The iron troll is moderately wounded.
The iron troll bites you but does no damage.
You block the iron troll's attack.
The iron troll claws you but does no damage.
The stone giant throws a large rock.
You block the large rock with an invisible shield... and reflect it back!
The large rock hits the stone giant!!
You hit the iron troll but do no damage.
You headbutt the iron troll!
The iron troll is heavily wounded.
You hit the deep troll shaman but do no damage.
Lightning courses through the deep troll shaman!
The iron troll bites you but does no damage.
You block the iron troll's attack.
The iron troll claws you but does no damage.
You hit the iron troll.
The iron troll is heavily wounded.
You hit the deep troll shaman.
You block the deep troll shaman's attack. x3
You hit the iron troll but do no damage.
You headbutt the iron troll.
The iron troll is heavily wounded.
You hit the deep troll shaman.
You block the deep troll shaman's attack.
The deep troll shaman barely misses you.
You block the deep troll shaman's attack.
The iron troll bites you!! The iron troll claws you!
The iron troll claws you but does no damage.
You are too injured to fight recklessly!
There are monsters nearby!
You are too injured to fight recklessly!
You are too injured to fight recklessly!
You gain the combat prowess of a mighty hero.
You block the stone giant's attack. The deep troll bites you.
You block the deep troll's attack.
The deep troll claws you but does no damage.
The deep troll shaman calls upon its god to strengthen the iron troll.
The iron troll seems to grow stronger.
You are too injured to fight recklessly!
You slice the deep troll shaman!!
You kill the deep troll shaman!
Okawaru accepts your kill.
You hit the stone giant. You hit the deep troll. You hit the iron troll.
Lightning courses through the iron troll!
The iron troll barely misses you. You furiously retaliate!
You headbutt the iron troll.
The iron troll claws you but does no damage.
The iron troll claws you!!
* * * LOW HITPOINT WARNING * * *
You block the deep troll's attack. x3; You block the stone giant's attack.
You are too injured to fight recklessly!
You rampage towards the iron troll!
You slice the iron troll!!
You headbutt the iron troll, but do no damage.
The iron troll is moderately wounded.
You completely miss the deep troll. You slice the iron troll!!
Lightning courses through the iron troll!
You kill the iron troll!
Okawaru accepts your kill.
You hit the deep troll. You slash the stone giant! You hit the iron troll.
You headbutt the iron troll.
The iron troll is moderately wounded.
You barely miss the deep troll. You slash the stone giant!
Lightning courses through the stone giant!
You slash the deep troll! You block the deep troll's attack. x3
You block the stone giant's attack. The deep troll bites you!
* * * LOW HITPOINT WARNING * * *
The deep troll claws you.
* * * LOW HITPOINT WARNING * * *
The deep troll closely misses you. The iron troll misses you.
The iron troll claws you but does no damage.
The iron troll claws you!
* * * LOW HITPOINT WARNING * * *
You slash the iron troll! Your headbutt misses the iron troll.
The iron troll is heavily wounded.
You slash the deep troll!
Lightning courses through the deep troll!
You slice the stone giant!!
You kill the stone giant!
Okawaru accepts your kill.
You slash the deep troll! You block the deep troll's attack.
The deep troll claws you but does no damage.
You block the deep troll's attack. x3
The deep troll claws you but does no damage.
You barely miss the deep troll. You headbutt the deep troll!
The deep troll is severely wounded.
You slash the deep troll! You hit the iron troll.
Lightning courses through the iron troll!
You block the deep troll's attack. x4
The deep troll claws you but does no damage. x2
The iron troll bites you!
* * * LOW HITPOINT WARNING * * *
The iron troll completely misses you. The iron troll claws you.
You die...

.....................[....#.#
# .............#............#
.
...................)..........
...................)........#
..................)..........
#..8.8.........##.........#..
....>.........../.........#..
...8.8.........T.(.........
................@..........
...............TT.......#.
......#.......#...........
|.....##......#...........
......#. .... ...........
........................
............ ..[.....#..
......... .........#..
.#...∩...


You could see an iron troll (strong) and 2 deep trolls.

Vanquished Creatures
  An ancient lich (Abyss:2)
  Nikola (Spider:2)
  Arachne (Spider:4)
  A lich (Abyss:3)
  A walking crystal tome (WizLab)
  5 tentacled starspawn
  A shadow dragon (Depths:2)
  A tengu reaver (Depths:2)
  A strange machine (WizLab)
  Polyphemus (Shoals:4)
  Ilsuiw (Shoals:4)
  Kirke (D:14)
  10 emperor scorpions
  A frost giant (Depths:3)
  A fire giant (Depths:2)
  The ghost of Poteig the Marksdraconian, a journeyman DrCj of Cheibriados (D:14)
  2 vault wardens
  5 ghost moths
  2 formless jellyfish
  4 broodmothers
  2 orc warlords (Orc:2)
  2 ironbound preservers (Vaults:1)
  4 stone giants
  A vampire knight (Depths:1)
  A spriggan defender (Arena)
  A lorocyproca (Abyss:3)
  5 very ugly things
  2 ironbound thunderhulks (Vaults:1)
  A deep elf demonologist (Depths:1)
  4 spark wasps
  Snorg (D:11)
  7 ettins
  4 fire dragons
  5 merfolk javelineers
  Josephine (Orc:2)
  A blizzard demon (Abyss:3)
  4 entropy weavers
  A green death (Abyss:2)
  6 merfolk impalers
  2 yaktaur captains
  Fannar (Lair:1)
  Harold (Lair:1)
  A catoblepas (Shoals:4)
  5 rakshasas
  Erolcha (D:12)
  3 vault guards (Vaults:1)
  An ice dragon (Depths:1)
  6 hydras
  A ghost crab (Spider:1)
  An ogre mage (Orc:2)
  6 centaur warriors
  3 radroaches
  A spriggan air mage (Depths:1)
  2 ironbound frosthearts (Vaults:1)
  3 jorogumos
  Erica (D:9)
  4 boulder beetles
  8 two-headed ogres
  6 merfolk aquamancers
  10 dancing weapons (WizLab)
  A satyr (Shoals:4)
  Urug (D:11)
  An alligator snapping turtle (Shoals:4)
  8 demonic crawlers
  7 tengu warriors
  A merfolk avatar (Shoals:4)
  2 death yaks (Shoals:4)
  2 deep troll shamans
  An orc high priest (Orc:2)
  3 occultists
  6 thrashing horrors
  Sonja (Lair:3)
  3 spriggan berserkers (Depths:1)
  10 skysharks
  A sixfirhy (Abyss:2)
  3 wretched stars
  Amaemon (D:8)
  3 iron trolls
  A skeletal warrior (D:9)
  5 deep trolls
  4 pharaoh ants
  2 flayed ghosts
  2 glowing orange brains
  A sea snake (Shoals:4)
  An arcanist (Vaults:1)
  6 orb spiders
  Pikel (D:9)
  6 orc knights
  3 ironbound convokers (Vaults:1)
  4 sun moths
  A kraken simulacrum (Shoals:4)
  7 steelbarb worms
  9 harpies
  3 orc sorcerers (Orc:2)
  14 wolf spiders
  23 ugly things
  A deep elf pyromancer (D:12)
  9 manticores
  Maurice (D:9)
  8 cyclopes
  4 elephants (Lair:2)
  5 fauns
  Joseph (D:8)
  2 worldbinders
  3 ice statues (IceCv)
  4 moths of wrath
  A kobold blastminer (Orc:1)
  A black mamba (shapeshifter) (D:15)
  5 black mambas
  9 meliai
  2 water nymphs
  6 merfolk sirens
  A centaur zombie (Abyss:2)
  A vault sentinel (Vaults:1)
  3 smoke demons
  An eye of devastation (Abyss:3)
  An apocalypse crab (Abyss:2)
  4 torpor snails
  10 large abominations
  3 orange demons
  3 gargoyles
  12 cane toads
  2 anaconda simulacra (IceCv)
  A kobold demonologist (D:12)
  2 rime drakes (Lair:5)
  12 komodo dragons
  Jeremiah (D:8)
  A tengu conjurer (D:14)
  Psyche (D:9)
  An efreet (Abyss:2)
  6 yaktaurs
  3 unseen horrors
  A queen bee (shapeshifter) (Abyss:3)
  A silent spectre (Abyss:4)
  8 polar bears
  3 ancient zymes
  7 trolls
  6 hornets
  12 merfolk
  4 tyrant leeches (Spider:1)
  A polar bear (shapeshifter) (D:13)
  Grinder (D:5)
  24 tarantellas
  2 wind drakes
  15 raiju
  18 blink frogs
  A glass eye (Abyss:4)
  17 dream sheep
  17 slime creatures
  7 snapping turtles
  2 ettin skeletons (Abyss:4)
  2 shadows
  A centaur simulacrum (D:15)
  21 culicivoras
  28 jumping spiders
  10 water elementals
  Sigmund (D:5)
  11 spriggans
  8 wraiths
  5 starcursed masses
  40 yaks
  3 wyverns
  A yak (shapeshifter) (D:15)
  2 humans (D:14)
  3 wargs
  4 hogs (D:14)
  14 vampire mosquitoes
  6 basilisks
  The ghost of Raspi the Insei, an amateur MfSh (D:3)
  2 steam dragons
  Grum (D:11)
  40 redbacks
  2 chaos spawn (Abyss:3)
  4 acid dragons
  17 water moccasins
  8 black bears
  29 orc warriors
  A sky beast (shapeshifter) (D:14)
  2 ice beasts
  14 laughing skulls
  6 ogres
  4 boggarts (Lair:5)
  44 wolves
  3 centaurs
  A phantom (D:6)
  2 lemures (D:9)
  3 weeping skulls (Abyss:2)
  2 kobold brigands
  13 bullfrogs
  11 small abominations
  A brain worm (Abyss:3)
  2 scorpions
  3 wights (D:10)
  4 elephant simulacra (IceCv)
  9 killer bees
  A howler monkey (D:7)
  4 electric eels
  A bombardier beetle (D:5)
  A quasit (Abyss:3)
  6 jellies
  15 orc priests
  3 hounds
  3 iguanas
  Jessica (D:3)
  24 orc wizards
  A polar bear simulacrum (IceCv)
  A wolf simulacrum (IceCv)
  3 gnolls (D:5)
  A river rat (Sewer)
  6 adders
  A shadow imp (D:6)
  17 white imps
  3 ufetubi
  A dart slug (D:4)
  64 orcs
  15 endoplasms
  7 giant cockroaches
  7 goblins
  5 hobgoblins
  3 jackals (D:2)
  2 quokkas
  12 ball pythons
  3 bats
  2 frilled lizards
  27 kobolds
  5 rats
  4 starspawn tentacles
  A tentacle (Shoals:4)
1227 creatures vanquished.

Vanquished Creatures (others)
  A merfolk impaler (Shoals:4)
  An entropy weaver (Spider:3)
  An alligator snapping turtle (Shoals:4)
  A jumping spider (Spider:2)
  A water elemental (Shoals:1)
  A culicivora (Spider:3)
  A human (Depths:2)
  2 crimson imps (Abyss:3)
  2 orcs (D:10)
  A lurking horror (Abyss:3)
  6 starspawn tentacles
  4 tentacles (Shoals:4)
22 creatures vanquished.

Grand Total: 1249 creatures vanquished

Notes
Turn   | Place    | Note
-------+----------+-------------------------------------------
     0 | D:1      | Flugslaktarn the Minotaur Fighter began the quest for the
                  | Orb.
     0 | D:1      | Reached XP level 1. HP: 19/19 MP: 0/0
   271 | D:1      | Reached XP level 2. HP: 26/27 MP: 1/1
   346 | D:1      | Reached skill level 4 in Fighting
   668 | D:1      | Found a faded altar of an unknown god.
  1228 | D:2      | Reached XP level 3. HP: 30/33 MP: 2/2
  1760 | D:3      | Noticed Jessica
  1767 | D:3      | Killed Jessica
  1768 | D:3      | Reached XP level 4. HP: 25/41 MP: 3/3
  1955 | D:3      | Got the Notes on the Hiemal Geodesic
  1957 | D:3      | Found a runed translucent gate.
  1958 | D:3      | Found a runed translucent gate.
  1959 | D:3      | Found a runed translucent gate.
  1960 | D:3      | Noticed Raspi's ghost (amateur MfSh)
  1960 | D:3      | Identified the +10 sling of the Aged People {freeze, Str+2}
  1960 | D:3      | Identified the +0 leather armour "Rilo" {*Slow Str-5 Int+6
                  | Dex+3}
  2105 | D:3      | Identified the ring "Nock" {rElec rPois rF+ rN+}
  2238 | D:3      | Killed Raspi's ghost
  2239 | D:3      | Reached skill level 5 in Fighting
  2239 | D:3      | Reached XP level 5. HP: 44/48 MP: 4/4
  2303 | D:4      | Noticed p0werm0de's ghost (amateur OpSh)
  2303 | D:4      | Found a transporter.
  2318 | D:4      | Found a glowing drain.
  2340 | D:4      | Reached XP level 6. HP: 34/56 MP: 5/5
  2399 | Sewer    | Entered a sewer
  2587 | Sewer    | Found a shimmering altar of Xom.
  2590 | Sewer    | Reached skill level 5 in Axes
  2824 | D:4      | Noticed Edmund
  3019 | D:5      | Entered Level 5 of the Dungeon
  3085 | D:5      | Reached skill level 6 in Fighting
  3085 | D:5      | Reached skill level 5 in Shields
  3200 | D:5      | Noticed Sigmund
  3217 | D:5      | Killed Sigmund
  3218 | D:5      | Reached skill level 5 in Armour
  3218 | D:5      | Reached XP level 7. HP: 58/64 MP: 6/6
  3432 | D:5      | Noticed Grinder
  3435 | D:5      | Paralysed by Grinder for 2 turns
  3450 | D:5      | Killed Grinder
  3451 | D:5      | Reached skill level 7 in Fighting
  3451 | D:5      | Reached XP level 8. HP: 56/73 MP: 7/7
  3512 | D:4      | Found an ancient bone altar of Kikubaaqudgha.
  3871 | D:5      | Found a runed translucent door.
  3872 | D:5      | Noticed Crazy Yiuf
  4244 | D:6      | Reached skill level 8 in Fighting
  4988 | D:7      | Found a staircase to the Ecumenical Temple.
  5004 | Temple   | Entered the Ecumenical Temple
  5016 | Temple   | Became a worshipper of Warmaster Okawaru
  5208 | D:7      | Reached skill level 1 in Invocations
  5276 | D:7      | Reached XP level 9. HP: 49/82 MP: 8/8
  5316 | D:7      | Reached skill level 9 in Fighting
  5461 | D:7      | Found a radiant altar of Vehumet.
  5462 | D:7      | Found a sacrificial altar of Ru.
  5749 | D:7      | Reached * piety under Okawaru
  5952 | D:7      | Found Yggax's Antique Armour Shoppe.
  6193 | D:7      | Bought a faintly glowing chain mail for 294 gold pieces
  6193 | D:7      | Identified the +4 chain mail "Temunn" {Str+2} (You bought
                  | it in a shop on level 7 of the Dungeon)
  6247 | D:8      | Noticed Jeremiah
  6248 | D:8      | Noticed a two-headed ogre
  6299 | D:8      | Noticed Amaemon
  6299 | D:8      | Noticed an orange demon
  6384 | D:8      | Killed Amaemon
  6387 | D:8      | Killed an orange demon
  6387 | D:8      | Reached ** piety under Okawaru
  6391 | D:8      | Reached skill level 10 in Fighting
  6396 | D:8      | Found a staircase to the Lair.
  6433 | D:8      | Noticed Joseph
  6450 | D:8      | Killed Joseph
  6459 | D:8      | Reached skill level 10 in Axes
  6625 | D:8      | Noticed a two-headed ogre
  6632 | D:8      | Killed a two-headed ogre
  6633 | D:8      | Reached XP level 10. HP: 53/94 MP: 8/11
  6872 | D:8      | Found a runed translucent gate.
  6872 | D:8      | Found a runed translucent gate.
  6885 | D:8      | Reached *** piety under Okawaru
  7031 | D:8      | Found a runed translucent gate.
  7036 | D:8      | Noticed Domino's ghost (novice MiFi)
  7309 | D:8      | Killed a two-headed ogre
  7310 | D:8      | Reached skill level 11 in Fighting
  7522 | D:8      | Killed Jeremiah
  8206 | D:9      | Noticed Psyche
  8206 | D:9      | Noticed a two-headed ogre
  8217 | D:9      | Killed a two-headed ogre
  8309 | D:9      | Killed Psyche
  8474 | D:9      | Found an opulent altar of Gozag.
  8605 | D:9      | Noticed Erica
  8607 | D:9      | Noticed Pikel
  8613 | D:10     | Entered Level 10 of the Dungeon
  8760 | D:10     | Reached XP level 11. HP: 87/104 MP: 13/13
  9057 | D:9      | Killed Pikel
  9057 | D:9      | Reached **** piety under Okawaru
  9121 | D:9      | Reached skill level 12 in Fighting
  9275 | D:9      | Killed Erica
  9390 | D:9      | Reached skill level 5 in Invocations
  9652 | D:9      | HP: 5/104 [yak (12)]
 10088 | D:9      | Noticed a skeletal warrior
 10088 | D:9      | Noticed Maurice
 10117 | D:9      | Killed a skeletal warrior
 10125 | D:9      | Killed Maurice
 10178 | D:9      | Noticed a six-headed hydra
 10187 | D:9      | Killed a six-headed hydra
 10786 | D:10     | Reached skill level 13 in Fighting
 10827 | D:10     | Reached ***** piety under Okawaru
 11194 | D:10     | Noticed a white ugly thing
 11205 | D:10     | Killed a white ugly thing
 11508 | D:11     | Noticed Snorg
 11574 | Lair:1   | Entered Level 1 of the Lair of Beasts
 11614 | Lair:1   | Reached skill level 10 in Shields
 11692 | Lair:1   | Reached XP level 12. HP: 109/115 MP: 15/15
 11700 | Lair:1   | Reached skill level 10 in Armour
 11708 | Lair:1   | Received a gift from Okawaru
 11793 | Lair:1   | Found a runed translucent door.
 11794 | Lair:1   | Found a shimmering altar of Xom.
 11794 | Lair:1   | Noticed Gonzollydolly's ghost (journeyman AtEE)
 11891 | Lair:1   | Noticed Fannar
 11912 | Lair:1   | Killed Fannar
 12023 | Lair:1   | Noticed Harold
 12040 | Lair:1   | Killed Harold
 12634 | Lair:2   | Reached skill level 5 in Evocations
 13300 | Lair:2   | Received a gift from Okawaru
 14008 | Lair:2   | Reached skill level 1 in Dodging
 14069 | Lair:2   | Received a gift from Okawaru
 14966 | Lair:3   | Noticed Sonja
 14970 | Lair:3   | Killed Sonja
 14991 | Lair:3   | Reached XP level 13. HP: 104/123 MP: 16/16
 15283 | Lair:3   | Reached skill level 14 in Fighting
 15415 | Lair:3   | Received a gift from Okawaru
 15728 | Lair:3   | Found a hole to the Spider Nest.
 15749 | Lair:3   | Found a staircase to the Shoals.
 16704 | Lair:4   | Received a gift from Okawaru
 16918 | Lair:4   | Found a staircase to the Slime Pits.
 17309 | Lair:5   | Entered Level 5 of the Lair of Beasts
 17954 | Lair:5   | Received a gift from Okawaru
 18026 | Lair:5   | Reached skill level 15 in Fighting
 18178 | Lair:5   | Reached skill level 15 in Axes
 18364 | Lair:5   | Reached skill level 5 in Dodging
 18574 | Lair:5   | Reached XP level 14. HP: 108/135 MP: 18/18
 18771 | Lair:5   | Reached ****** piety under Okawaru
 18771 | Lair:5   | Received a gift from Okawaru
 18962 | Lair:5   | Identified the +0 scale mail "Opuinal" {^Contam rElec
                  | Dex+4}
 19045 | Lair:5   | Acquired the +9 broad axe of Entrepreneurial Spirit {elec,
                  | rC+++ MP+9 Dex-3}
 19045 | Lair:5   | Received a gift from Okawaru
 19048 | Lair:5   | Acquired the +2 pair of gloves of the Butterfly {Rampage}
 19048 | Lair:5   | Received a gift from Okawaru
 20014 | D:11     | Killed Snorg
 20029 | D:11     | Noticed Grum
 20035 | D:11     | Killed Grum
 20053 | D:11     | Noticed Urug
 20060 | D:11     | Killed Urug
 20393 | D:11     | Found a staircase to the Orcish Mines.
 20426 | D:11     | Received a gift from Okawaru
 20530 | D:11     | Identified the +7 falchion of Spores {elec, +Blink Dex+5}
 21077 | D:11     | Found a shadowy altar of Dithmenos.
 21184 | D:12     | Found a frozen archway.
 21200 | D:12     | Reached skill level 16 in Fighting
 21222 | IceCv    | Entered an ice cave
 22012 | D:12     | Noticed Erolcha
 22016 | D:12     | Killed Erolcha
 22444 | D:13     | Found a gate to the Vaults.
 22810 | D:13     | Received a gift from Okawaru
 23098 | D:13     | You fall into a shaft and drop 2 floors!
 23098 | D:15     | Entered Level 15 of the Dungeon
 23677 | D:13     | Reached XP level 15. HP: 143/145 MP: 21/21
 23920 | D:14     | Received a gift from Okawaru
 23951 | D:14     | Found a shimmering blue altar of Sif Muna.
 24245 | D:14     | Noticed Kirke
 24257 | D:14     | Killed Kirke
 24436 | D:14     | Found a runed translucent gate.
 24436 | D:14     | Found a runed translucent gate.
 24436 | D:14     | Found a runed translucent gate.
 24436 | D:14     | Noticed Poteig's ghost (journeyman DrCj)
 24581 | D:14     | Reached skill level 17 in Fighting
 24814 | D:14     | Killed Poteig's ghost
 24967 | D:15     | Received a gift from Okawaru
 24974 | D:15     | Reached skill level 10 in Invocations
 25747 | D:15     | Found a staircase to the Depths.
 26154 | Orc:1    | Entered Level 1 of the Orcish Mines
 26203 | Orc:2    | Entered Level 2 of the Orcish Mines
 26705 | Orc:2    | Received a gift from Okawaru
 26718 | Orc:2    | Noticed Josephine
 26901 | Orc:2    | Killed Josephine
 27294 | Orc:2    | Found Geriaguf's General Store.
 27305 | Orc:2    | Found Tifuacem's Antique Armour Shop.
 27388 | Orc:2    | Found a staircase to the Elven Halls.
 27454 | Orc:2    | Bought a pair of glowing boots for 165 gold pieces
 27556 | Orc:2    | Found Noopeniwn's Jewellery Shop.
 27716 | Orc:2    | Found Hoprox's Antique Weapon Shop.
 28238 | Orc:2    | Bought a +5 ring of evasion for 468 gold pieces
 28421 | Spider:1 | Entered Level 1 of the Spider Nest
 28479 | Spider:1 | Received a gift from Okawaru
 28481 | Spider:1 | Reached skill level 18 in Fighting
 28734 | Spider:1 | Reached XP level 16. HP: 155/157 MP: 23/23
 28776 | Arena    | Entered the Arena
 29080 | Spider:1 | Identified the +1 cloak of the Albatross {Will+ Str+3}
 29765 | Spider:1 | Received a gift from Okawaru
 30546 | Spider:2 | Noticed Nikola
 30566 | Spider:2 | Killed Nikola
 30578 | Spider:2 | Reached skill level 19 in Fighting
 30584 | Spider:2 | Received a gift from Okawaru
 31027 | Spider:2 | Reached skill level 10 in Dodging
 31775 | Spider:3 | Received a gift from Okawaru
 31975 | Spider:3 | Reached skill level 20 in Fighting
 32023 | Spider:3 | Reached skill level 15 in Armour
 32504 | Spider:4 | Entered Level 4 of the Spider Nest
 32545 | Spider:4 | Reached XP level 17. HP: 158/170 MP: 25/25
 32628 | Spider:4 | Noticed Arachne
 32668 | Spider:4 | Killed Arachne
 33191 | Spider:4 | Received a gift from Okawaru
 33874 | Spider:4 | Identified the +0 pair of gloves "Hupre Esu" {Dex+3 SInv}
 33892 | Spider:4 | Got a gossamer rune of Zot
 34435 | Shoals:1 | Entered Level 1 of the Shoals
 34468 | Shoals:1 | Reached skill level 21 in Fighting
 34577 | Shoals:2 | Received a gift from Okawaru
 34680 | Shoals:4 | Entered Level 4 of the Shoals
 35271 | Shoals:4 | Noticed Polyphemus
 35282 | Shoals:4 | Killed Polyphemus
 35301 | Shoals:4 | Received a gift from Okawaru
 35318 | Shoals:4 | Noticed Ilsuiw
 35323 | Arena    | Entered the Arena
 35708 | Arena    | Entered the Arena
 36035 | Shoals:4 | Killed Ilsuiw
 36344 | Shoals:4 | Reached XP level 18. HP: 182/182 MP: 27/27
 36639 | Shoals:4 | Got Iruod's Handbook of the Cwm and Sparks
 36687 | Shoals:4 | Found Laanwiuh's Luxury Loot.
 36722 | Shoals:4 | Got a barnacled rune of Zot
 36964 | Vaults:1 | Entered Level 1 of the Vaults
 37268 | Vaults:1 | Received a gift from Okawaru
 37345 | Vaults:1 | Found a magical portal.
 37366 | WizLab   | Entered Tukima's Studio
 37465 | WizLab   | Noticed Flugslaktarn's illusion
 37483 | WizLab   | Noticed a walking crystal tome
 37483 | WizLab   | Identified the +6 hand cannon "Ununan" {penet, rElec rCorr
                  | Str-5 Int+3}
 37498 | WizLab   | Killed a walking crystal tome
 37526 | WizLab   | Identified the +2 pair of gloves "Caed" {rC+}
 37899 | Vaults:2 | Found Osischyz's Weapon Boutique.
 38038 | Depths:1 | Entered Level 1 of the Depths
 38120 | Depths:1 | Received a gift from Okawaru
 38157 | Depths:1 | Found a huge runed translucent gate.
 38157 | Depths:1 | Found a huge runed translucent gate.
 38157 | Depths:1 | Found a huge runed translucent gate.
 38157 | Depths:1 | Found a huge runed translucent gate.
 38157 | Depths:1 | Found a huge runed translucent gate.
 38254 | Depths:1 | Found a huge runed translucent gate.
 38254 | Depths:1 | Found a huge runed translucent gate.
 38255 | Depths:1 | Found a huge runed translucent gate.
 38256 | Depths:1 | Found a huge runed translucent gate.
 38256 | Depths:1 | Found a huge runed translucent gate.
 38256 | Depths:1 | Found a huge runed translucent gate.
 38256 | Depths:1 | Found a huge runed translucent gate.
 38257 | Depths:1 | Found a huge runed translucent gate.
 38257 | Depths:1 | Found a huge runed translucent gate.
 38258 | Depths:1 | Found a huge runed translucent gate.
 38258 | Depths:1 | Found a huge runed translucent gate.
 38262 | Depths:1 | Found a huge runed translucent gate.
 38264 | Depths:1 | Found a huge runed translucent gate.
 38264 | Depths:1 | Found a huge runed translucent gate.
 38264 | Depths:1 | Found a huge runed translucent gate.
 38264 | Depths:1 | Found a huge runed translucent gate.
 38266 | Depths:1 | Found a huge runed translucent gate.
 38267 | Depths:1 | Found a huge runed translucent gate.
 38268 | Depths:1 | Found a huge runed translucent gate.
 38268 | Depths:1 | Found a huge runed translucent gate.
 38273 | Depths:1 | Found a huge runed translucent gate.
 38274 | Depths:1 | Found a huge runed translucent gate.
 38274 | Depths:1 | Found a huge runed translucent gate.
 38274 | Depths:1 | Found a huge runed translucent gate.
 38274 | Depths:1 | Found a huge runed translucent gate.
 38276 | Depths:1 | Found a huge runed translucent gate.
 38277 | Depths:1 | Found a huge runed translucent gate.
 38278 | Depths:1 | Found a huge runed translucent gate.
 38278 | Depths:1 | Found a huge runed translucent gate.
 38282 | Depths:1 | Found a huge runed translucent gate.
 38286 | Depths:1 | Found a huge runed translucent gate.
 38456 | Depths:2 | Reached skill level 15 in Shields
 38459 | Depths:1 | Paralysed by something for 4 turns
 38468 | Depths:1 | Found a one-way gate to the infinite horrors of the Abyss.
 38663 | Depths:1 | Voluntarily entered the Abyss.
 38665 | Abyss:1  | Found a corrupted altar of Lugonu.
 38677 | Abyss:1  | Found a corrupted altar of Lugonu.
 38788 | Abyss:2  | Gained mutation: You are vulnerable to heat. (rF-)
                  | [mutagenic glow]
 38801 | Abyss:2  | Lost mutation: You are vulnerable to heat. (rF-) [mutagenic
                  | glow]
 38810 | Abyss:2  | Gained mutation: Your body sometimes deteriorates upon
                  | taking damage. [mutagenic glow]
 38822 | Abyss:2  | Gained mutation: Your magical capacity is low. (-10% MP)
                  | [mutagenic glow]
 38841 | Abyss:2  | Gained mutation: You sometimes lose your temper in combat.
                  | [mutagenic glow]
 38990 | Abyss:2  | Received a gift from Okawaru
 39114 | Arena    | Entered the Arena
 39123 | Arena    | Lost mutation: You sometimes lose your temper in combat.
                  | [potion of mutation]
 39123 | Arena    | Lost mutation: Your magical capacity is low. (-10% MP)
                  | [potion of mutation]
 39123 | Arena    | Gained mutation: You have sharp toenails. [potion of
                  | mutation]
 39123 | Arena    | Gained mutation: Your flesh is heat resistant. (rF+)
                  | [potion of mutation]
 39151 | Abyss:2  | Noticed an ancient lich
 39165 | Abyss:2  | Killed an ancient lich
 39166 | Abyss:2  | Reached XP level 19. HP: 64/171 MP: 28/28
 39333 | Abyss:3  | Found a corrupted altar of Lugonu.
 39450 | Arena    | Entered the Arena
 39531 | Abyss:3  | Reached skill level 22 in Fighting
 39764 | Depths:1 | Escaped the Abyss
 40005 | Depths:1 | Voluntarily entered the Abyss.
 40407 | Abyss:4  | Got an abyssal rune of Zot
 40415 | Depths:1 | Escaped the Abyss
 40950 | Depths:3 | Found a transporter.
 40971 | Depths:3 | Noticed Xtahua
 40982 | Arena    | Entered the Arena
 40998 | Depths:3 | Paralysed by Xtahua for 2 turns
 41000 | Depths:3 | Found a one-way gateway to a ziggurat.
 41000 | Depths:3 | Noticed Margery
 41000 | Depths:3 | Noticed a hellephant
 41000 | Depths:3 | Noticed Mennas
 41001 | Depths:3 | Found a one-way gate leading to the halls of Pandemonium.
 41004 | Depths:2 | Found a gateway to Hell.
 41570 | Depths:2 | HP: 3/193 [iron troll (14)]
 41570 | Depths:2 | Slain by an iron troll

Illustrated notes

Levels and vault maps discovered:
D:1:      minmay_arrival_jagged, layout_loops_ring,
          dreamdust_ecumenical_altar_hidden_monk_grotto
D:2:      layout_rooms, serial_co_window_serial, co_window_corner_a,
          co_window_corner_a, co_window_of_opportunity_a,
          co_window_of_opportunity_a, co_window_of_opportunity_a,
          co_window_broadway_b, co_window_broadway_c, co_window_corner_b,
          co_window_cross_4, co_window_paths_e, glass_columns_a,
          glass_columns_c, minmay_misc_feat_more_columns,
          kennysheep_generic_room_9
D:3:      layout_basic, biasface_ghost_orc_armoury, uniq_jessica
D:4:      layout_cave_pools, kennysheep_mini, gammafunk_ghost_smash,
          cheibrodos_sewer_entry_drain, uniq_edmund
D:5:      layout_cave_pools, grunt_ministairs_9, minivault_25, uniq_grinder,
          uniq_crazy_yiuf_cottage, uniq_sigmund
D:6:      kennysheep_kobold_camp, layout_basic,
          serial_library_regret_index_double_sided, grunt_ministairs_14
D:7:      layout_basic, chequers_temple_overflow_statue_of_worship,
          minmay_temple_entry_crystal_x, serial_shops, shop_coins,
          due_unseen_surprise
D:8:      layout_loops_cross, lair_entry_dummy, gammafunk_ghost_necromancy,
          uniq_jeremiah, uniq_joseph, uniq_amaemon
D:9:      layout_long_grid, mainiacjoe_overflow_brackets, minivault_20,
          minmay_orc_keep, uniq_maurice, uniq_pikel, uniq_erica, uniq_psyche
D:10:     layout_big_octagon, serial_bayou, serial_bayou_pond_c,
          serial_bayou_pond_a, serial_bayou_crossing, serial_bayou_shore_b,
          serial_bayou_pond_b, grunt_decor_junction
D:11:     layout_gridville, minmay_orc_entry_guard_dogs,
          grunt_dithmenos_shadows, uniq_urug, uniq_snorg, uniq_grum
D:12:     layout_loops_cross, portal_ice_cave_entry_imps, uniq_erolcha
D:13:     layout_roguey, david_vaults_2, minmay_fractal_squares_diagonal_5
D:14:     layout_small_grid, ebering_ghost_rock_garden,
          hellmonk_sif_muna_bookshelves, kennysheep_generic_room_3, uniq_kirke
D:15:     hangedman_depths_entry_civil_slaughter, layout_basic,
          minmay_crystal_water
Temple:   regret_index_temple_chain_breaker
Lair:1:   layout_regular_city, ebering_ghost_xom, bh_autumn_forest_stairs,
          uniq_harold, uniq_fannar
Lair:2:   layout_roguey, st_stairs_5, chequers_serial_rivers_small_3,
          chequers_serial_rivers_room_a, grunt_megastairs_2
Lair:3:   layout_misc_corridors, shoals_dummy_entry,
          spider_nest_entry_web_field, uniq_sonja
Lair:4:   layout_big_grid, minmay_slime_entry_pillars, serial_bayou_lagoon_a,
          grunt_forest_stairs_clearing, grunt_megastairs_3
Lair:5:   minmay_lair_end_enchanted_forest, layout_loops_ring
Shoals:1: layout_shoals, nicolae_shoals_this_corrosion, uniq_mlioglotl
Shoals:2: layout_shoals
Shoals:3: layout_shoals, nicolae_shoals_circle_sea_wall, st_sunken_huts
Shoals:4: shoals_end_grunt_ice, layout_shoals, shoal_ilsuiw,
          nicolae_alphabet_shops, uniq_polyphemus
Spider:1: nicolae_spider_brood_tunnel, nicolae_spider_swamp_cousins
Spider:2: layout_spider_delve, hangedman_spider_tarantella_strand, uniq_nikola
Spider:3: layout_spider_delve
Spider:4: grunt_spider_rune_circles, worms_lemuel, uniq_arachne
Orc:1:    layout_diamond_mine
Orc:2:    grunt_orc_cross, layout_caves, uniq_josephine
Vaults:1: lightli_enter_wizlab_magi_temple, nicolae_vaults_six-pack,
          nicolae_vaults_surprise_closet_hard,
          nicolae_vaults_storage_room_statues, nicolae_vaults_network_square,
          vaults_room_grid, hangedman_vaults_cutoff, nicolae_vaults_wine_cellar,
          nicolae_vaults_tetromino_T_1, v_misc_11, layout_vaults_maze_snakey
Vaults:2: nicolae_vaults_stand_back, nicolae_vaults_house_2,
          ontoclasm_vaults_decontamination, v_rooms_5,
          nicolae_vaults_trapezoid_4, ontoclasm_vaults_tryst,
          nicolae_vaults_more_shelving_2, vaults_room_corners,
          layout_vaults_omnicross, serial_shops, shop
Depths:1: layout_honeycomb, hellmouth_3, minmay_misc_feat_rugged,
          nicolae_abyss_entry_one_way_or_another, serial_sigils_hangedman_gut,
          door_vault
Depths:2: dreamdust_experimentation, layout_cave_shapes, hell_entry,
          grunt_pan_entry_zigzag, minmay_staircase_statues, uniq_grunn
Depths:3: gammafunk_its_a_trap, layout_cave_pools, enter_ziggurat_b,
          abyss_entry, pan_entry, hell_entry, nicolae_qazlal_style_of_elements,
          kennysheep_generic_room_13, uniq_mara, uniq_boris, uniq_jory,
          uniq_margery, uniq_xtahua, uniq_mennas

Skill      XL: |  1  2  3  4  5  6  7  8  9 10 11 12 13 14 15 16 17 18 19 |
---------------+----------------------------------------------------------+-----
Fighting       | 4 5 6 7 8 10 11 13 15 16 18 20 21 22 | 22.5
Axes           | 3 4 5 6 8 10 11 13 15 16 18 19 | 19.0
Shields        | 4 5 6 7 8 10 15 16 | 16.3
Armour         | 4 5 6 7 8 9 10 11 12 13 15 16 17 18 | 18.1
Invocations    | 1 3 4 6 7 9 11 12 14 | 14.5
Evocations     | 8 |  8.0
Dodging        | 1 5 7 8 10 12 13 | 13.0

Action                     |  1- 3 |  4- 6 |  7- 9 | 10-12 | 13-15 | 16-18 | 19-21 || total
---------------------------+-------+-------+-------+-------+-------+-------+-------++-------
  Melee: War axe           |    75 |   100 |   207 |   638 |   527 |       |       ||  1547
         Headbutt          |    10 |    18 |    33 |   141 |   276 |   281 |    95 ||   854
         Broad axe         |       |       |       |       |   613 |  1221 |   330 ||  2164
  Throw: Dart              |       |       |       |       |     3 |       |       ||     3
 Invoke: Heroism           |       |       |     2 |    13 |     4 |    15 |     3 ||    37
         Receive Weapon    |       |       |       |       |     1 |       |       ||     1
         Receive Armour    |       |       |       |       |     1 |       |       ||     1
         Finesse           |       |       |       |       |     1 |     7 |     1 ||     9
         Duel              |       |       |       |       |       |     4 |     2 ||     6
  Evoke: Wand              |       |     1 |       |    11 |     6 |     4 |       ||    22
         Phial of floods   |       |       |       |       |       |     1 |       ||     1
    Use: Potion            |       |     1 |     3 |     6 |     2 |     9 |     4 ||    25
         Scroll            |       |     8 |     8 |    11 |     8 |    11 |     2 ||    48
   Stab: Invisible         |       |       |       |     2 |       |       |       ||     2
         Held in net/web   |       |       |       |       |       |     1 |       ||     1
 Armour: Plate armour      |    66 |    88 |   139 |       |       |       |       ||   293
         Scale mail        |     2 |       |       |       |       |       |       ||     2
         Skin              |       |       |    61 |       |     3 |       |       ||    64
         Chain mail        |       |       |    38 |   643 |   993 |   866 |   148 ||  2688
  Dodge: Dodged            |    26 |    17 |    73 |   230 |   478 |   635 |    96 ||  1555
  Block: Buckler           |    20 |    16 |    73 |   182 |   302 |   497 |       ||  1090
         Reflection        |       |       |       |       |       |    37 |     8 ||    45
         Tower shield      |       |       |       |       |       |   189 |   240 ||   429
         Kite shield       |       |       |       |       |       |    98 |       ||    98

Table legend: (Time is in decaauts)
 A = Elapsed time spent in this place.
 B = Non-inter-level travel time spent in this place.
 C = Inter-level travel time spent in this place.
 D = Time resting spent in this place.
 E = Time spent auto-exploring this place.
 F = Levels seen in this place.
 G = Mean time per level.
                   A        B        C        D        E       F      G
               +--------+--------+--------+--------+--------+-----+--------+
         Total |  41041 |  38546 |   2495 |  10219 |  21150 |  52 |  789.2 |
       Dungeon |  17683 |  16196 |   1487 |   3155 |  10518 |  15 | 1178.9 |
        Temple |     24 |      2 |     22 |      0 |      0 |   1 |   24.0 |
          Lair |   8524 |   8066 |    458 |   1728 |   4972 |   5 | 1704.8 |
        Shoals |   2252 |   2160 |     92 |   1274 |    331 |   4 |  563.0 |
   Spider Nest |   5623 |   5476 |    147 |   1395 |   3178 |   4 | 1405.8 |
  Orcish Mines |   1774 |   1621 |    153 |    608 |    770 |   2 |  887.0 |
        Vaults |    774 |    686 |     88 |    203 |    335 |   2 |  387.0 |
        Depths |   1979 |   1932 |     47 |   1271 |    375 |   3 |  659.7 |
         Abyss |   1452 |   1452 |      0 |    366 |    404 |   7 |  207.4 |
         Sewer |    391 |    391 |      0 |     92 |    165 |   1 |  391.0 |
      Ice Cave |    310 |    310 |      0 |    121 |     58 |   1 |  310.0 |
        Wizlab |    158 |    158 |      0 |      0 |     43 |   1 |  158.0 |
         Arena |     91 |     91 |      0 |      6 |      0 |   6 |   15.2 |
               +--------+--------+--------+--------+--------+-----+--------+

Top non-repeatable levels by time:
  Lair:5: 2502 daAuts
     D:8: 2168 daAuts
  Lair:2: 2167 daAuts
Spider:1: 2125 daAuts
     D:9: 2032 daAuts
     D:7: 1623 daAuts
Spider:4: 1602 daAuts
    D:13: 1479 daAuts
  Lair:1: 1347 daAuts
  Lair:4: 1285 daAuts
    D:15: 1273 daAuts
    D:10: 1273 daAuts
Depths:1: 1232 daAuts
  Lair:3: 1221 daAuts
    D:11: 1162 daAuts
